 Dungeon Crawl Stone Soup version 0.32-a0-900-g30fb1b0edc (webtiles) character file.

Game seed: 18219501633802331039

172 kae the Insei (level 5, -4/39 HPs)
             Began as a Demonspawn Shapeshifter on Apr 5, 2024.
             Slain by a gnoll
             ... wielding a +0 club
              (5 damage)
             ... on level 3 of the Dungeon.
             The game lasted 00:02:50 (2897 turns).

kae the Insei (Demonspawn Shapeshifter)             Turns: 2897, Time: 00:02:50

Health: -4/39      AC:  3    Str: 14    XL:     5   Next: 27%
Magic:  5/5        EV: 11    Int: 11    God:
Gold:   167        SH:  0    Dex: 14    Spells: 4/4 levels left

rFire   . . .        j - +0 dagger
rCold   . . .        (no shield)
rNeg    . . .        a - +1 animal skin
rPois   .            (helmet currently unavailable)
rElec   .            (cloak currently unavailable)
rCorr   .            (gloves currently unavailable)
SInv    .            (boots currently unavailable)
Will    .....        (no amulet)
Stlth   +            (no ring)
HPRegen 0.26/turn    (no ring)
MPRegen 0.18/turn

%: no passive effects
@: beast-form, attractive, invisible
A: beast (slay +1), magic regeneration
a: Begin Untransformation


You were on level 3 of the Dungeon.
You were a hulking beast.
You visited 1 branch of the dungeon, and saw 3 of its levels.

You collected 167 gold pieces.


Innate Abilities, Weirdness & Mutations

You are a hulking beast.
Your limbs bulge with bestial killing power. (Slay +1)
You regenerate magic rapidly.


   Skills:
 + Level 2.6 Fighting
 - Level 1.7 Dodging
 * Level 4.3 Unarmed Combat
 + Level 3.4 Shapeshifting


You had 4 spell levels left.
You didn't know any spells.
Your spell library contained the following spells:

 Spells                   Type           Power      Damage    Failure   Level
 Ensorcelled Hibernation  Hex/Ice        0%         N/A       47%         2
 Fugue of the Fallen      Necr           0%         N/A       71%         3
 Anguish                  Hex/Necr       0%         N/A       98%         4

Inventory:

Hand Weapons
 j - a +0 dagger (weapon)
   (You took it off a kobold on level 1 of the Dungeon)
Missiles
 i - 58 stones (quivered)
 n - 4 poisoned darts
 o - 5 boomerangs
Armour
 a - a +1 animal skin (worn)
Magical Staves
 m - a staff of cold {!a}
   (You found it on level 1 of the Dungeon)
Talismans
 c - a beast talisman (active)
 d - a flux talisman
Scrolls
 b - a scroll of immolation {unknown}
 e - a scroll of amnesia
Potions
 f - a potion of attraction {!q}

Dungeon Overview and Level Annotations

Branches:
Dungeon (3/15) Zot: 15085

Altars:

Annotations:
D:3 3 runed translucent doors, DEFE's ghost, weakling CoFi

.## ... .. .. #####
#. #...# #.
#...#..##.####
######...#....ggh.#
.........########'###
....................#
.........##.........#
.........##.........#
.........##.........#
#####....##.........#
##........###########
..........#


You could see 2 gnolls.


Message History

You are poisoned.
The adder poisons you! The adder bites you.
You are more poisoned.
The adder poisons you! 😕 HP[-6]
You take 6 damage, and now have 33/39 hp.
An adder is nearby!
You hit the adder.
You feel very sick. The adder bites you but does no damage.
You miss the adder.
You feel sick.
The adder bites you but does no damage. 😮 HP[-4]
You take 4 damage, and now have 29/39 hp.
An adder is nearby!
You hit the adder.
You kill the adder!
You feel sick.
No target in view!
You feel sick.
You feel sick.
You feel sick.
You feel sick.
You feel sick.
You are no longer poisoned.
Things that are here:
a +0 mace; an adder corpse You now have 157 gold pieces (gained 18).
Key pressed, stopping explore.
You now have 167 gold pieces (gained 10).
Key pressed, stopping explore.
No target in view!
No target in view! 😎 HP[+10]
Your hp is fully restored (39).
You see here a +0 leather armour.
You open the door.
Key pressed, stopping explore.
No target in view!
No target in view!
There is an open door here.
You open the door.
An endoplasm and a gnoll come into view.
Found a stone staircase leading down.
The endoplasm quivers.
There is an open door here.
The gnoll shouts!
You hear a shout!
A gnoll comes into view. It is wielding a +0 club.
You hear a shout!
The gnoll closely misses you. x2
There are monsters nearby!
You completely miss the gnoll.
A gnoll comes into view. It is wielding a +0 flail.
The gnoll hits you with a +0 flail! The gnoll hits you with a +0 club.
You are too injured to fight recklessly!
There are monsters nearby! 😮 HP[-14]
You take 14 damage, and now have 25/39 hp.
MASSIVE DAMAGE!! (PAUSE)
There are monsters nearby!
Unknown command. 😮 HP[+1] It was a potion of attraction.
You feel attractive to monsters. The gnoll barely misses you.
You fade into invisibility!
The gnoll closely misses you.
You hit the gnoll.
The gnoll hits you with a +0 flail. 😮 HP[-6]
You take 6 damage, and now have 20/39 hp.
You closely miss the gnoll. The gnoll barely misses you. 😮 HP[+1]
You strike the helpless gnoll from behind!
You hit the gnoll. The gnoll hits you with a +0 flail.
* * * LOW HITPOINT WARNING * * *
😨 HP[-4]
You take 4 damage, and now have 17/39 hp.
Unknown command.
You hit the gnoll. The gnoll barely misses you.
You hit the gnoll. The gnoll hits you with a +0 flail!
* * * LOW HITPOINT WARNING * * *
😱 HP[-11]
You take 11 damage, and now have 6/39 hp.
MASSIVE DAMAGE!! (PAUSE)
You hit the gnoll.
You kill the gnoll! 😱 HP[+1]
You hit the gnoll. The gnoll hits you with a +0 club.
* * * LOW HITPOINT WARNING * * *
😱 HP[-3]
You take 3 damage, and now have 4/39 hp.
Unknown command.
You hit the gnoll. The gnoll closely misses you.
Okay, then.
You hit the gnoll. The gnoll hits you with a +0 club.
* * * LOW HITPOINT WARNING * * *
😱 HP[-3]
You take 3 damage, and now have 1/39 hp.
Unknown command.
You hit the gnoll. The gnoll hits you with a +0 club.
You die...

Skill      XL: |  1  2  3  4 |
---------------+-------------+-----
Unarmed Combat | 3 4 |  4.3
Shapeshifting  | 3 |  3.4
Fighting       | 2 |  2.6
Dodging        | |  1.7

Action                     |  1- 3 |  4- 6 || total
---------------------------+-------+-------++-------
  Melee: Unarmed           |    12 |       ||    12
         Dagger            |   225 |   127 ||   352
         Punch             |     1 |       ||     1
    Use: Scroll            |     4 |     2 ||     6
         Potion            |     2 |     7 ||     9
   Stab: Sleeping          |     1 |       ||     1
         Invisible         |       |     1 ||     1
 Armour: Animal skin       |   125 |    88 ||   213
         Skin              |    41 |    59 ||   100
  Dodge: Dodged            |   140 |    93 ||   233

Levels and vault maps discovered:
D:1:      reono_arrival_forest_river, layout_loops_corners,
          basic_ecumenical_altar
D:2:      layout_rooms, minivault_27, serial_bayou_crossing
D:3:      layout_basic, gammafunk_ghost_necromancy

Notes
Turn   | Place    | Note
-------+----------+-------------------------------------------
     0 | D:1      | kae the Demonspawn Shapeshifter began the quest for the
                  | Orb.
     0 | D:1      | Reached XP level 1. HP: 15/15 MP: 1/1
     0 | D:1      | magus.rc [v1.11.3]
   188 | D:1      | Reached skill level 3 in Unarmed Combat
   188 | D:1      | Gained mutation: You regenerate magic rapidly. [demonic
                  | ancestry]
   188 | D:1      | Reached XP level 2. HP: 19/21 MP: 2/2
   469 | D:1      | Found a faded altar of an unknown god.
   626 | D:1      | HP: 5/21 [giant cockroach (2)]
  1047 | D:1      | Reached XP level 3. HP: 22/26 MP: 3/3
  1234 | D:2      | Reached skill level 3 in Shapeshifting
  1763 | D:2      | Reached skill level 2 in Fighting
  2058 | D:2      | Reached XP level 4. HP: 27/33 MP: 4/4
  2169 | D:3      | Noticed DEFE's ghost (weakling CoFi)
  2169 | D:3      | Found a runed translucent gate.
  2169 | D:3      | Found a runed translucent gate.
  2169 | D:3      | Found a runed translucent gate.
  2174 | D:3      | HP: 7/33 [orc/+0 hand axe (3)]
  2177 | D:2      | HP: 3/33 [orc/+0 hand axe (2)]
  2185 | D:2      | HP: 12/49 [orc/+0 dagger (2)]
  2195 | D:2      | HP: 12/49 [orc/+0 hand axe (1)]
  2287 | D:3      | Reached skill level 4 in Unarmed Combat
  2697 | D:3      | Reached XP level 5. HP: 38/39 MP: 5/5
  2740 | D:3      | You pick up a book of Dreams and begin reading...
  2740 | D:3      | You add the spells Ensorcelled Hibernation, Fugue of the
                  | Fallen and Anguish to your library.
  2892 | D:3      | HP: 6/39 [gnoll/+0 flail (11)]
  2896 | D:3      | HP: 1/39 [gnoll/+0 club (4)]
  2897 | D:3      | Slain by a gnoll

Vanquished Creatures
  An orc wizard (D:2)
  A gnoll (D:3)
  5 adders
  3 dart slugs
  2 ribbon worms (D:2)
  4 orcs
  4 ball pythons
  3 endoplasms
  10 giant cockroaches
  4 goblins
  4 hobgoblins
  5 jackals
  3 quokkas (D:1)
  4 bats (D:1)
  5 frilled lizards
  9 kobolds
  8 rats
75 creatures vanquished.

Table legend:
 A = Non-vault XP
 B = Vault XP
 C = Vault XP percentage of total XP
 D = Non-vault monster count
 E = Vault monster count
 F = Vault count percentage of total count
                 A         B        C        D         E       F
            +---------+---------+-------+---------+---------+-------
      Total |     247 |       0 |   0.0 |      75 |       0 |   0.0
            +---------+---------+-------+---------+---------+-------
        D:1 |      42 |       0 |   0.0 |      25 |       0 |   0.0
        D:2 |     103 |       0 |   0.0 |      29 |       0 |   0.0
        D:3 |     102 |       0 |   0.0 |      21 |       0 |   0.0
            +---------+---------+-------+---------+---------+-------

Skill      XL: |  1  2  3  4 |
---------------+-------------+-----
Unarmed Combat | 3 4 |  4.3
Shapeshifting  | 3 |  3.4
Fighting       | 2 |  2.6
Dodging        | |  1.7

Action                     |  1- 3 |  4- 6 || total
---------------------------+-------+-------++-------
  Melee: Unarmed           |    12 |       ||    12
         Dagger            |   225 |   127 ||   352
         Punch             |     1 |       ||     1
    Use: Scroll            |     4 |     2 ||     6
         Potion            |     2 |     7 ||     9
   Stab: Sleeping          |     1 |       ||     1
         Invisible         |       |     1 ||     1
 Armour: Animal skin       |   125 |    88 ||   213
         Skin              |    41 |    59 ||   100
  Dodge: Dodged            |   140 |    93 ||   233

Illustrated notes

Table legend:
 A = Kills in this place as a percentage of kills in the entire game.
 B = Kills by you in this place as a percentage of kills by you in the entire game.
 C = Kills by friends in this place as a percentage of kills by friends in the entire game.
 D = Other kills in this place as a percentage of other kills in the entire game.
 E = Experience gained in this place as a percentage of experience gained in the entire game.
 F = Experience gained in this place divided by the number of levels of this place that you have seen.
                   A       B       C       D       E      F
               +-------+-------+-------+-------+-------+----------------------
         Total | 100.0 | 100.0 |   N/A |   N/A | 100.0 |  82.3
       Dungeon | 100.0 | 100.0 |   N/A |   N/A | 100.0 |  82.3
               +-------+-------+-------+-------+-------+----------------------

Table legend: (Time is in decaauts)
 A = Elapsed time spent in this place.
 B = Non-inter-level travel time spent in this place.
 C = Inter-level travel time spent in this place.
 D = Time resting spent in this place.
 E = Time spent auto-exploring this place.
 F = Levels seen in this place.
 G = Mean time per level.
                   A        B        C        D        E       F      G
               +--------+--------+--------+--------+--------+-----+--------+
         Total |   2913 |   2844 |     69 |    341 |   1880 |   3 |  971.0 |
       Dungeon |   2913 |   2844 |     69 |    341 |   1880 |   3 |  971.0 |
               +--------+--------+--------+--------+--------+-----+--------+

Top non-repeatable levels by time:
     D:1: 1224 daAuts
     D:2: 1131 daAuts
     D:3: 557 daAuts
